[Event "Prague Festival Open 2022"]
[Site "Prague"]
[Date "2022.06.13"]
[Round "5.1"]
[White "Karthik Venkataraman"]
[Black "Motylev, Alexander"]
[Result "0-1"]
[ECO "C77"]
[WhiteElo "2480"]
[BlackElo "2633"]
[Annotator "TA"]
[PlyCount "76"]
[EventDate "2022.06.10"]
[EventType "swiss"]
[EventCountry "CZE"]
[SourceTitle "playchess.com"]
[Source "ChessBase"]
[SourceQuality "1"]
[TimeControl "40/5400+30:1800+30"]

1. e4 e5 2. Nf3 Nc6 3. Bb5 Nf6 4. d3 d6 5. c3 g6 6. O-O Bg7 7. Re1 O-O 8. h3 a6 $1 {[%emt 0:00:19][%mdl 4] is recently more successful than 8...Bd7.} 9. Ba4 Re8 {[%emt 0:00:10] C77: Ruy Lopez: 3...a6 4 Ba4 Nf6, unusual lines.} 10. Be3 h6 11. Nbd2 d5 {[%emt 0:00:19] The position is equal.} 12. a3 b5 13. Bc2 a5 {[%emt 0:01:12] [#]} 14. a4 $146 ({Predecessor:} 14. Rc1 a4 15. Bb1 Be6 16. d4 dxe4 17. Nxe5 Bd5 18. c4 bxc4 19. Ndxc4 Nxe5 20. Nxe5 {½-½ (100) David,A (2521)-Lodici,L (2507) Montesilvano 2021}) 14... b4 15. Nb3 Rb8 16. cxb4 Nxb4 17. Bd2 (17. Nxa5 $11 {is more appropriate.} dxe4 18. dxe4) 17... c5 ({But not} 17... Nxc2 18. Qxc2 Ra8 19. Bxa5 $16) 18. Nxc5 Qc7 19. Bxb4 Rxb4 20. Nb3 Rd8 {[%emt 0:09:06] ...dxe4 is the strong threat. Black is more active.} 21. exd5 {[%emt 0:02:55] Black continues to play with concentration.} (21. Nbd2 $1 $15) 21... Nxd5 $19 22. Rc1 Nf4 23. Bb1 (23. d4 $17) 23... Qb6 24. Nbd2 Rxb2 {[%emt 0:33:08] Threatens to win with ...Ba6.} 25. Nxe5 $2 (25. d4 {was worth a try.} Be6 26. dxe5) 25... Bxe5 26. Rxe5 Qf6 $40 {[%emt 0:01:27][%mdl 128] Black wants a kill.} 27. Re3 Qg5 {[%emt 0:01:21][%csl Gf4][%cal Rg5g2][%mdl 64] [#] Deflection} 28. g3 Nxh3+ 29. Kf1 Qd5 ({Inferior is} 29... Bg4 30. Qe1 $19) 30. f3 Ng5 31. Rc2 Qd4 32. Qe2 (32. Ke2 {keeps fighting.}) 32... Bh3+ 33. Kg1 (33. Kf2 $142 Rdb8 34. Qe1) 33... Re8 34. Kf2 Bf5 {[%emt 0:00:50] ( -> ...Rxc2)} 35. Rxb2 Nh3+ {[%emt 0:00:27][%mdl 64] Deflection} 36. Kg2 Rxe3 {[%emt 0:00:18] Black mates.} 37. Rb8+ Kh7 38. Qf1 {[%emt 0:00:17] [#]} Re2+ $3 {[%emt 0:00:20][%mdl 512] Weighted Error Value: White=0.66/Black=0.20 (precise)} 0-1

[Event "Prague Festival Open 2022"]
[Site "Prague"]
[Date "2022.06.13"]
[Round "5.2"]
[White "Stremavicius, Titas"]
[Black "Garriga Cazorla, Pere"]
[Result "1/2-1/2"]
[ECO "D33"]
[WhiteElo "2508"]
[BlackElo "2495"]
[Annotator "TA"]
[PlyCount "52"]
[EventDate "2022.06.10"]
[EventType "swiss"]
[EventCountry "CZE"]
[SourceTitle "playchess.com"]
[Source "ChessBase"]
[SourceQuality "1"]
[TimeControl "40/5400+30:1800+30"]

1. c4 Nf6 2. Nc3 c5 3. Nf3 e6 4. g3 d5 5. cxd5 exd5 6. d4 Nc6 7. Bg2 cxd4 8. Nxd4 Bc5 9. Nxc6 bxc6 10. O-O {[%emt 0:00:17] D33: Tarrasch Defence: 6 g3 sidelines.} O-O 11. Na4 Bb6 12. Qc2 {[%emt 0:02:28] White has an edge.} Re8 13. Nxb6 Qxb6 14. Be3 {[%emt 0:00:24] [#]} Rxe3 $146 ({Predecessor:} 14... Qa6 15. Rfc1 Bd7 16. Qd3 Qb7 17. Bd4 Ne4 18. f3 Ng5 19. Rc2 h5 20. Rac1 Ne6 {0-1 (42) Harutyunian,T (2567)-Vaishali,R (2419) Tsaghkadzor 2021}) 15. fxe3 Qxe3+ 16. Kh1 Bd7 17. Qc3 (17. Rf4 $14) 17... Qe7 (17... Qxe2 $11 {is more appropriate.} 18. Rae1 Qa6) 18. Rac1 (18. e3 $14 {feels stronger.}) 18... h5 ({Better is} 18... Qxe2 $11 19. Rce1 Qa6) 19. Rf4 Re8 {[%emt 0:06:30] [#]} (19... Qxe2 $14 20. Re1 Qa6) 20. Bf3 $1 $16 a6 21. Qc5 Qe5 22. Qd4 Qe7 23. b4 Ng4 24. Qc5 Qe5 25. Qd4 Qe7 26. Qc5 Qe5 $1 {[%emt 0:00:05] Weighted Error Value: White=0.16 (very precise) /Black=0.18 (very precise)} 1/2-1/2

[Event "Prague Festival Open 2022"]
[Site "Prague"]
[Date "2022.06.13"]
[Round "5.3"]
[White "Sedlak, Nikola"]
[Black "Huzman, Alexander"]
[Result "1/2-1/2"]
[ECO "D02"]
[WhiteElo "2476"]
[BlackElo "2541"]
[Annotator "TA"]
[PlyCount "33"]
[EventDate "2022.06.10"]
[EventType "swiss"]
[EventCountry "CZE"]
[SourceTitle "playchess.com"]
[Source "ChessBase"]
[SourceQuality "1"]
[TimeControl "40/5400+30:1800+30"]

1. d4 Nf6 2. Nf3 d5 3. Bf4 c5 4. e3 Nc6 5. Nbd2 Bg4 6. c3 e6 7. Qb3 {[%emt 0:00:27] D02: 1 d4 d5 2 Nf3 sidelines, including 2...Nf6 3 g3 and 2...Nf6 3 Bf4.} Qc8 8. Nh4 Be7 9. h3 Bh5 10. g4 Bg6 11. Nxg6 hxg6 12. Be2 cxd4 13. exd4 Qd7 14. O-O-O Bd6 15. Be3 {[%emt 0:01:17] [#]} Qc7 $146 ({Predecessor:} 15... O-O-O 16. Kb1 Kb8 17. h4 Na5 18. Qc2 Qc7 19. Rdg1 Bf4 20. Qd1 a6 21. h5 gxh5 22. gxh5 Rdg8 {½-½ (44) Pirs,M (2520)-Corbat,P (2406) ICCF email 2015}) 16. Kb1 O-O-O 17. h4 {[%emt 0:10:06] A rather calm draw.  Weighted Error Value: White=0.01 (flawless) /Black=0.02 (flawless)} 1/2-1/2

[Event "Prague Festival Open 2022"]
[Site "Prague"]
[Date "2022.06.13"]
[Round "5.4"]
[White "Stefansson, Hannes"]
[Black "Hilby, Craig"]
[Result "0-1"]
[ECO "C11"]
[WhiteElo "2534"]
[BlackElo "2420"]
[Annotator "TA"]
[PlyCount "91"]
[EventDate "2022.06.10"]
[EventType "swiss"]
[EventCountry "CZE"]
[SourceTitle "playchess.com"]
[Source "ChessBase"]
[SourceQuality "1"]
[TimeControl "40/5400+30:1800+30"]

1. e4 e6 2. d4 d5 3. Nc3 Nf6 4. e5 Nfd7 5. f4 c5 6. Nf3 Nc6 7. Be3 cxd4 8. Nxd4 Qb6 9. Bb5 {[%emt 0:17:07] C11: French: Classical System: 4 e5 and 4 Bg5 dxe4.} a6 $1 10. Na4 Qa5+ 11. Bd2 {[%emt 0:00:10] Black is slightly better.} Qc7 (11... Nb4 $5 12. Bxd7+ Bxd7 $11) 12. Bxc6 bxc6 {[%emt 0:00:06][%cal Bb7c6,Bc6c5][%mdl 32] [#]} 13. c4 $146 ({Predecessor:} 13. O-O c5 14. Nf3 Qc6 15. c4 d4 16. b3 Bb7 17. Nb2 Be7 18. Re1 g5 19. Qe2 {1-0 (51) Rubino,W (2173)-Safa,C (1857) Avoine 2016}) 13... c5 14. Nf3 d4 15. O-O Be7 16. Qe1 Bb7 ({Better is} 16... a5 $17) 17. Ba5 $11 Qc6 18. b3 f5 19. exf6 gxf6 20. Qh4 h5 21. Rae1 Kf7 $1 22. Qh3 {[%emt 0:00:47][%cal Of3g5] And now Ng5+! would win.} Rag8 {[%emt 0:01:42] Prevents Ng5+.} 23. Nb2 Rg4 24. Nd3 Bd6 25. Bd2 Ke7 ({Black should try} 25... Bc7 $11) 26. Re2 Rhg8 27. Kh1 (27. Qxh5 Qxf3 28. Rxf3 Bxf3 $17) 27... Nf8 28. Be1 (28. Qxh5 $2 Qxf3 $3 29. Rxf3 (29. gxf3 $2 Bxf3+ 30. Rg2 Bxg2+ 31. Kg1 Bh3+ 32. Kf2 Rg2+ 33. Ke1 Bg4 $19) 29... Bxf3 $19) 28... Bxf4 29. Qxh5 {[%emt 0:00:00] aiming for Bh4.} Bd6 {[%emt 0:01:29][%cal Oc6f3] Hoping for ...Qxf3!} 30. Bh4 Nd7 31. Qf5 Qe4 32. Rxe4 Bxe4 33. Qh5 {[%emt 0:00:00] Threatens to win with Nf2.} Bxd3 34. Re1 Rxg2 {[%emt 0:01:12] White must now prevent ...R8g7.} (34... Be4 $2 35. Rxe4 $1 Rxe4 36. Qh7+ Kd8 37. Qxe4 $18) 35. b4 $2 (35. Qd5 $2 Be2 36. Rxe2 Rxe2 $19) (35. Bg3 $1 $11 {and White has nothing to worry.} Bxg3 36. Rxe6+ Kxe6 37. Qd5+ Ke7 38. Kxg2) 35... Bxc4 $19 36. bxc5 Bf4 {[%emt 0:00:26][%mdl 8192] Chess con chili.} (36... Nxc5 37. Bg3 R2xg3 38. hxg3 $15) (36... Bxc5 $19 {and all is fine.} 37. Bg3 R8xg3 38. hxg3 Rxa2) 37. Bg3 $2 ({White has to play} 37. c6 $18 Ne5 38. Bxf6+ (38. Rxe5 Bxe5 39. Bxf6+ Bxf6 $11) 38... Kxf6 39. Qh4+ (39. Re4 $2 Bd5 $19) 39... Bg5 40. Qxd4) 37... Bxg3 $15 {[%emt 0:00:16] A strong pair of Bishops.} (37... R2xg3 $2 38. hxg3 Rxg3 39. Qh7+ (39. Nxd4 Ne5 $11) 39... Kf8 {[#]} 40. Re4 $1 (40. Qxd7 Bd5 $11) 40... Rxf3 41. Rxd4 $18 (41. Qxd7 Bd5 $11)) 38. Qh7+ (38. hxg3 $2 R2xg3 39. c6 (39. Nxd4 $2 Bd5+ 40. Kh2 Rg2+ 41. Kh3 R8g3+ 42. Kh4 Rh2+ 43. Kxg3 Rxh5 $19) 39... Ne5 40. Nxe5 Bd5+ 41. Kh2 Rg2+ 42. Kh3 R8g3+ 43. Kh4 Rh2+ 44. Kxg3 Rxh5 $19) 38... Kf8 39. hxg3 R2xg3 40. c6 ({Don't blunder} 40. Qxd7 $2 Rh8+ 41. Nh2 Bd5+ 42. Qxd5 exd5 $19) 40... R3g7 (40... Nb6 $1 $15 41. Qh4 (41. Nxd4 $2 Bd5+ 42. Kh2 Rg2+ 43. Kh3 R8g3+ 44. Kh4 Rh2+ 45. Kxg3 Rxh7 $19) (41. Qh6+ $2 Ke7 $19) 41... Rxf3 42. Qh6+ Ke8 43. Qh5+ Kd8 44. Qxf3 Bd5) 41. Qh4 $2 (41. Qh6 $11 Bd5 42. cxd7 Bxf3+ 43. Kh2) 41... Bd5 $19 42. cxd7 Bxf3+ 43. Kh2 Ke7 44. Rf1 $2 (44. d8=Q+ $19 Rxd8 45. Rg1) 44... Bd5 45. Rxf6 Kxd7 46. Qh5 {[%emt 0:02:29] Weighted Error Value: White=0.70/Black=0.17 (very precise)} 0-1

[Event "Prague Festival Open 2022"]
[Site "Prague"]
[Date "2022.06.13"]
[Round "5.5"]
[White "Romanishin, Oleg M"]
[Black "Iniyan, P."]
[Result "0-1"]
[ECO "D15"]
[WhiteElo "2400"]
[BlackElo "2518"]
[Annotator "TA"]
[PlyCount "72"]
[EventDate "2022.06.10"]
[EventType "swiss"]
[EventCountry "CZE"]
[SourceTitle "playchess.com"]
[Source "ChessBase"]
[SourceQuality "1"]
[TimeControl "40/5400+30:1800+30"]

1. d4 Nf6 2. Nf3 d5 3. c4 c6 4. Nc3 dxc4 5. e3 b5 6. a4 b4 7. Ne2 {[%emt 0:00:07] D15: Slav Defence: 4 Nc3 a6 and gambit lines after 4 Nc3 dxc4.} a5 {[%emt 0:00:06] [#]} 8. Nf4 $146 ({Predecessor:} 8. Ng3 Ba6 9. Ne5 e6 10. Be2 Nbd7 11. Nxc4 Be7 12. O-O O-O 13. Qc2 c5 14. b3 cxd4 15. exd4 {1-0 (53) Tsydypov,Z (2524)-Khachiyan,M (2521) Chess.com INT 2018}) 8... Ba6 9. Ne5 {[%emt 0:00:47] The position is equal.} g5 10. Nh5 (10. Nh3 $5 ) 10... Qd5 11. h4 Nfd7 (11... Nxh5 $1 $15 12. Qxh5 Bg7 13. Qxg5 Bxe5 14. Qxe5 Qxe5 15. dxe5 Nd7) 12. Nf3 (12. Nxd7 $1 $11 {keeps the balance.} Nxd7 13. hxg5) 12... g4 $17 13. Nf4 Qd6 (13... Qf5 $142 14. Ng5 h6) 14. Nd2 e5 $1 15. Ne4 (15. Nh5 $1 $11) 15... Qe7 16. Nh5 ({Much weaker is} 16. dxe5 Nxe5 17. Be2 Nbd7 $17) 16... f5 ({Better is} 16... Rg8 $1 $17) 17. Neg3 $11 Qf7 18. Be2 (18. f3 $1 $11) 18... c5 (18... Rg8 $1 $17 19. dxe5 Nxe5) 19. dxe5 {[%emt 0:06:18] f4 is the strong threat.} Nxe5 20. e4 Nbd7 {[%emt 0:11:17] Active counter play!} 21. O-O fxe4 22. Bxg4 Nxg4 23. Qxg4 (23. Bg5 $5 Nge5 24. Nxe4 $18) 23... O-O-O $1 24. Bg5 (24. Nxe4 $11 c3 25. Re1) 24... Rg8 (24... Re8 $1 $15 {was preferrable.} 25. Rfd1 Qe6 26. Qxe6 Rxe6) 25. Qxe4 (25. Nxe4 $11 h6 26. Rfd1 hxg5 27. Nhf6) 25... Bb7 $17 {[%emt 0:00:07] The board is on fire.} 26. Qc2 ({Don't blunder} 26. Qf5 $2 Qxf5 27. Nxf5 h6 $1 $19) 26... Re8 {[%emt 0:04:33] White must now prevent ...h6.} 27. Rfe1 Rxe1+ 28. Rxe1 Kb8 (28... Bc6 $17 29. Qe2 h6) 29. Qf5 {[%emt 0:01:49] [#]} (29. Qd2 $15) 29... Qxf5 $1 $40 {[%emt 0:00:06][%mdl 128] Black wants a kill.} 30. Re8+ $2 {[%emt 0:00:04] Now White is beyond hope.} (30. Nxf5 $17 {was the only defense.} c3 31. bxc3) 30... Ka7 $19 31. Nxf5 {[%emt 0:00:11] Pair of Knights!} c3 32. bxc3 b3 {[%emt 0:00:04][%cal Bb4b3,Bb3b2][%mdl 32] Threatens to win with ...b2.} 33. Nhg3 b2 34. Re1 Nb6 35. Ne3 (35. Rb1 $142 Nxa4 36. c4) 35... Bg7 36. Rb1 Nxa4 {[%emt 0:00:08] Weighted Error Value: White=0.42/Black=0.17 (very precise)} 0-1

[Event "Prague Festival Open 2022"]
[Site "Prague"]
[Date "2022.06.13"]
[Round "5.6"]
[White "Santiago, Yago De Moura"]
[Black "Rasik, Vitezslav"]
[Result "1-0"]
[ECO "E94"]
[WhiteElo "2498"]
[BlackElo "2433"]
[Annotator "TA"]
[PlyCount "75"]
[EventDate "2022.06.10"]
[EventType "swiss"]
[EventCountry "CZE"]
[SourceTitle "playchess.com"]
[Source "ChessBase"]
[SourceQuality "1"]
[TimeControl "40/5400+30:1800+30"]

1. d4 d6 2. Nf3 g6 3. c4 Bg7 4. Nc3 Nf6 5. e4 O-O 6. Be2 Na6 7. O-O e5 8. Be3 c6 9. d5 Ng4 10. Bg5 f6 11. Bh4 c5 12. Ne1 h5 {[%emt 0:03:44] E94: King's Indian: Classical: 6 Be2 e5 7 0-0: Various Black 7th moves.} 13. Nd3 Nh6 14. f3 Nf7 {[%emt 0:06:44] White is better.} 15. a3 {[%emt 0:02:19] White is more active.} Bh6 16. Bf2 f5 17. b4 (17. exf5 $1 $16 Bxf5 18. Kh1) 17... b6 $14 18. bxc5 (18. Qe1 {keeps more tension.} f4 19. Bd1 Bd7 20. h4) 18... Nxc5 19. Nxc5 bxc5 20. exf5 gxf5 {[%emt 0:05:17] [#]} 21. Kh1 $146 ({Predecessor:} 21. Rb1 Kh8 22. Kh1 Rg8 23. Qe1 Qg5 24. Rg1 Qf6 25. Nb5 Bd7 26. Nc7 Rab8 27. Qa5 {0-1 (46) Feller,S (2657)-Maze,S (2571) Nice 2011}) 21... Bd7 (21... Rb8 $11) 22. g4 e4 {[%emt 0:22:43] Hoping for ...exf3.} 23. gxf5 (23. fxe4 fxg4 24. Rb1 Bg7 $17) 23... e3 24. Bg3 (24. Rg1+ Kh8 25. Bg3 Rg8 $15) 24... h4 25. Be1 Bxf5 26. f4 (26. Bd3 $14 Bxd3 27. Qxd3 (27. Rg1+ Kh8 $15)) 26... Bg7 $15 27. Rg1 Nh6 28. Bd3 (28. Ra2 $1 $11) 28... Qe7 $2 (28... Qd7 $1 $17 {and life is bright. Threatens to win with ...Bg4.} 29. Bxf5 (29. Bxh4 Bg4 $17) 29... Qxf5) 29. Ra2 $1 $36 {[%emt 0:05:23][%cal Ba1a2,Ba2g2,Bg2g6,Bg6h6,Bh6h8][%mdl 2080] Rag2 is the strong threat. Keeping Black busy.} Rae8 30. Rag2 Rf7 {[%emt 0:00:05] [#]} 31. Bxf5 Nxf5 {[%emt 0:00:02] [#]} 32. Qh5 (32. Qf3 $1 $16) 32... a6 $2 {[%emt 0:02:30][%mdl 8192] This move loses the game for Black.} (32... Qf6 $1 $14) 33. Rg6 $18 (33. Rg5 Qf6 34. h3 (34. Bxh4 Qxc3 35. Rxf5 Ref8 $14) 34... e2 $16) 33... Qd7 34. R1g5 (34. Bxh4 Nxh4 35. Qxh4 e2 $18) 34... e2 35. Nxe2 {[%emt 0:06:11] Black must now prevent Bc3. The board is on fire.} Nd4 $2 {[%emt 0:01:31] [#]} (35... Re3 $18 36. Bd2 (36. Bc3 Qe8 $18) 36... Qe7 37. Bxe3 (37. Rxf5 Rxe2 38. Re5 Rxe5 $14) 37... Qe4+ 38. Kg1 Qxe3+ 39. Kf1 Qh3+ 40. Ke1 Rb7 41. Rxg7+ (41. Rxf5 Rb1+ 42. Kd2 Rb2+ 43. Ke1 Rb1+ 44. Kd2 Rb2+ 45. Ke1 Rb1+ $11) 41... Nxg7) 36. Rh6 $1 {[%emt 0:01:14][%csl Gh5][%cal Rh6h8] White mates.} Kf8 {[%emt 0:00:42] [#]} 37. Bxh4 $1 Rxe2 {[%emt 0:01:27] [#]} (37... Rf6 38. Rh8+) 38. Rh8+ $1 {[%emt 0:00:15][%mdl 512] Weighted Error Value: White=0.19 (very precise) /Black=0.71} 1-0

[Event "Prague Festival Open 2022"]
[Site "Prague"]
[Date "2022.06.13"]
[Round "5.7"]
[White "Malicka, Maria"]
[Black "Sankalp Gupta"]
[Result "1/2-1/2"]
[ECO "B11"]
[WhiteElo "2377"]
[BlackElo "2505"]
[Annotator "TA"]
[PlyCount "217"]
[EventDate "2022.06.10"]
[EventType "swiss"]
[EventCountry "CZE"]
[SourceTitle "playchess.com"]
[Source "ChessBase"]
[SourceQuality "1"]
[TimeControl "40/5400+30:1800+30"]

1. e4 c6 2. Nc3 d5 3. Nf3 Bg4 4. h3 Bxf3 5. Qxf3 e6 6. Be2 Bc5 {[%emt 0:00:43] B11: Caro-Kann: Two Knights Variation.} 7. O-O Ne7 8. Na4 {[%emt 0:00:25] [#]} Bb6 $146 ({Predecessor:} 8... Bd6 9. d4 dxe4 10. Qxe4 Nd7 11. Rd1 Nf6 12. Qf3 Qa5 13. b3 e5 14. dxe5 Bxe5 {½-½ (41) Vachier Lagrave,M (2760)-Svidler,P (2714) chess24.com INT 2021}) 9. Nxb6 Qxb6 10. exd5 cxd5 11. c3 d4 12. b3 O-O 13. Bb2 Rd8 14. cxd4 Nbc6 15. Bd3 Nxd4 16. Qe4 ({Don't blunder} 16. Bxh7+ $2 Kxh7 17. Qxf7 Ng6 $19) 16... f5 17. Qe3 Nec6 18. Bc4 Kh8 19. Rac1 e5 20. f4 e4 (20... Ne2+ $11 {keeps the balance.} 21. Bxe2 Rxd2 22. Qxb6 axb6) 21. Kh1 $1 $16 Qa5 22. a3 Rd7 23. b4 Qd8 24. d3 exd3 25. Qxd3 a5 (25... a6 $16) 26. bxa5 (26. Rfd1 $1 $18 {b5 is the strong threat.} axb4 27. axb4) 26... Qxa5 27. Rfd1 Rad8 28. Qc3 Qa4 29. Re1 h6 30. Re3 Kh7 31. Rce1 Qc2 32. Re8 Rxe8 33. Rxe8 Qf2 {[%emt 0:02:43] [#]} 34. Bc1 {[%emt 0:04:14] A strong pair of Bishops.} (34. Qe1 $1 $14 Qxe1+ 35. Rxe1) 34... Nf3 $1 $11 35. Qxf3 {[%emt 0:00:42] Really sharp!} Qxf3 {[%emt 0:00:02][%mdl 64] Remove Defender} 36. gxf3 Rd1+ 37. Kg2 Rxc1 {[%emt 0:00:07][%mdl 4096] Endgame KRB-KRN} 38. Bg8+ Kg6 39. Kg3 Nd4 {[%emt 0:01:53] Against Re6+} 40. Rd8 {[%emt 0:00:29] Rd6+ would kill now.} Ne2+ 41. Kh4 Rc6 {[%emt 0:01:52] Prevents Rd6+.} 42. Bd5 Rb6 43. Rd7 Nxf4 44. Bxb7 $2 {[%emt 0:01:08] [#]} (44. Bg8 $15) 44... Kf6 $1 $19 45. Kg3 g5 46. Kf2 Nxh3+ 47. Ke3 $2 (47. Ke1 {keeps fighting.}) 47... Rb3+ 48. Kd4 Nf4 {[%emt 0:01:45] Hoping for ...Rd3+.} 49. Rd6+ Kg7 50. Rd7+ {[%emt 0:02:44] [#]} Kg6 $1 51. Rd6+ Kh5 52. Bc6 Rxa3 {[%emt 0:00:03] And now ...Rd3+ would win.} 53. Be8+ Kh4 {[%emt 0:00:03] Strongly threatening ...Rd3+.} 54. Rxh6+ Kg3 55. Ke5 Re3+ ({Worse is} 55... Rxf3 56. Kxf5 Nh3+ 57. Kg6 $15) (55... Kxf3 $17 {Threatens to win with ...Ra5+.} 56. Kxf5 Ra5+ 57. Kf6 g4 58. Bc6+ Ke3) 56. Kxf5 $11 {[%emt 0:00:05] The position is equal.} Rxe8 57. Kxg5 {[%emt 0:00:09] KRN-KR} Rf8 58. Ra6 Rh8 {[%emt 0:00:59] ( -> ...Rh5+)} 59. Kf5 Re8 60. Ra7 Ne2 61. Rd7 Re3 62. Rd1 Kxf3 63. Rf1+ Kg2 64. Ra1 Ng3+ 65. Kf4 Re4+ 66. Kg5 Nf1 67. Kf5 Re8 68. Kf4 Ng3 69. Ra2+ Ne2+ 70. Kg4 Kf2 71. Ra3 Rf8 72. Rb3 Nd4 73. Ra3 Rf7 74. Kg5 Nf5 75. Ra6 Nd4 76. Rf6+ Nf3+ 77. Kg6 Ra7 78. Kf5 Ra5+ 79. Kf4 Ra4+ 80. Kf5 Nd4+ 81. Ke5+ Ke3 82. Rf1 Ra5+ 83. Kd6 Nf5+ 84. Ke6 Ke4 85. Re1+ Ne3 86. Rh1 Ra6+ 87. Kd7 Ke5 88. Re1 Ra3 89. Rh1 Nf5 90. Re1+ Kd5 91. Rd1+ Nd4 92. Ke7 Rf3 93. Ke8 Ke5 94. Ke7 Rf4 95. Ra1 Nc6+ 96. Kd7 Rf6 97. Re1+ Kd5 98. Rd1+ Nd4 99. Ke7 Rf4 100. Rd2 Ke5 101. Rd1 Nf3 102. Ra1 Rh4 103. Ra5+ Ke4 104. Ra1 Rh6 105. Kd7 Nd4 106. Ke7 Nc6+ 107. Kd7 Kd5 108. Rd1+ Nd4 109. Ke7 {[%emt 0:00:10] Whites escaped into a draw.  Weighted Error Value: White=0.17 (very precise) /Black=0.15 (very precise)} 1/2-1/2

[Event "Prague Festival Open 2022"]
[Site "Prague"]
[Date "2022.06.13"]
[Round "5.8"]
[White "Petr, Martin"]
[Black "Neuman, Petr"]
[Result "1-0"]
[ECO "B07"]
[WhiteElo "2488"]
[BlackElo "2389"]
[Annotator "TA"]
[PlyCount "49"]
[EventDate "2022.06.10"]
[EventType "swiss"]
[EventCountry "CZE"]
[SourceTitle "playchess.com"]
[Source "ChessBase"]
[SourceQuality "1"]
[TimeControl "40/5400+30:1800+30"]

1. e4 d6 2. d4 Nf6 3. Nc3 e5 4. dxe5 dxe5 5. Qxd8+ Kxd8 6. Bc4 Be6 7. Bxe6 fxe6 8. Bg5 Bd6 (8... a6 9. O-O-O+ Bd6 10. f4 Ke7 11. Nf3 Nc6 12. Rhe1 h6 13. Bh4 b5 14. Nd5+ Kf7 15. Bxf6 exd5 16. Bxe5 Bxe5 17. fxe5 dxe4 18. Rxe4 Rad8 19. e6+ Ke7 {1-0 (50) Petr,M (2459)-Neuman,P (2369) Prague 2019}) 9. O-O-O {[%emt 0:00:24] B07: Pirc Defence: Miscellaneous Systems.} Ke7 10. f3 a6 11. Nge2 {[%emt 0:00:30] White is slightly better.} Nc6 12. Kb1 h6 13. Be3 {[%emt 0:00:07] [#]} Nh5 $146 ({Predecessor:} 13... Rhd8 14. Nc1 Bb4 15. N3e2 {½-½ (15) Ribeiro,F (2305)-Mellado Trivino,J (2430) Loures 1997}) 14. h4 Rhf8 15. Rhf1 b5 16. Nc1 Nf4 17. Rf2 Nd4 18. N3e2 (18. Bxd4 exd4 19. N3e2 c5 $15) 18... Ndxe2 19. Nxe2 g5 20. hxg5 hxg5 21. Nc1 Kd7 (21... g4 $11) 22. Nb3 a5 $1 23. g3 a4 24. Nd2 ({Much worse is} 24. gxf4 gxf4 25. Bxf4 (25. Nc5+ Kc6 $17) 25... Rxf4 26. Nc5+ Kc6 27. Nxe6 Rf7 $11) (24. Nc5+ Kc6 $11) 24... Nh5 (24... Rh8 $1 $14) 25. Rh2 {[%emt 0:02:02] Weighted Error Value: White=0.08 (flawless) /Black=0.18 (very precise)} ({But not} 25. Bxg5 $6 Nxg3 26. a3 Rg8 $14) 1-0